 Dungeon Crawl Stone Soup version 0.21.1-1-g345015f (webtiles) character file.

92 inc the Ruffian (level 4, 0/31 HPs)
             Began as an Octopode Fighter on June 11, 2018.
             Slain by an orc
             ... wielding a +0 falchion
              (5 damage)
             ... on level 2 of the Dungeon.
             The game lasted 00:02:01 (1631 turns).

inc the Ruffian (Octopode Fighter)                  Turns: 1631, Time: 00:02:02

Health: 0/31       AC:  1    Str: 15    XL:     4   Next: 60%
Magic:  4/4        EV: 11    Int: 10    God:
Gold:   94         SH:  8    Dex: 12    Spells: 3/3 levels left

rFire    . . .     SeeInvis .     - Unarmed
rCold    . . .     Gourm    .   a - +0 shield
rNeg     . . .     Faith    .   (helmet restricted)
rPois    .         Spirit   .   (no amulet)
rElec    .         Reflect  .   (no ring)
rCorr    .         Harm     .   (no ring)
MR       .....                  (no ring)
Stlth    ++........             (no ring)
HPRegen  0.10/turn              (no ring)
MPRegen  0.09/turn              (no ring)
                                (no ring)
                                (no ring)

@: no status effects
A: almost no armour, stealthy swim, amphibious, 8 rings, constrict 8, camouflage
1, gelatinous body 1
a: no special abilities


You were on level 2 of the Dungeon.
You were not hungry.

You visited 1 branch of the dungeon, and saw 2 of its levels.

You collected 94 gold pieces.

Inventory:

Armour
 a - a +0 shield (worn)
Scrolls
 f - 3 scrolls of noise {unknown}
 g - 2 scrolls of remove curse {unknown}
 j - 2 scrolls of identify {unknown}
 k - a scroll of enchant weapon {unknown}
Potions
 b - a potion of might
 d - a potion of haste {unknown}
 e - 2 potions of flight {unknown}
 h - a potion of lignification {unknown}
 i - a potion of heal wounds {unknown}
 l - 2 potions of ambrosia {unknown}
Comestibles
 c - a ration


   Skills:
 - Level 3.0 Fighting
 - Level 3.0 Dodging
 - Level 3.0 Shields
 + Level 4.7 Unarmed Combat


You had 3 spell levels left.
You didn't know any spells.

Dungeon Overview and Level Annotations

Branches:
Dungeon (2/15)

Altars:
Wu Jian


Innate Abilities, Weirdness & Mutations

You cannot wear most types of armour.
You are very stealthy in the water. (Stealth+)
You are amphibious.
You can wear up to eight rings at the same time.
You can use your tentacles to constrict eight enemies at once.
Your skin changes colour to match your surroundings (Stealth+).
Your rubbery body absorbs attacks. (AC +1, EV +1)


Message History

The orc wizard is heavily wounded.
You constrict the orc wizard. The orc wizard casts a spell at you.
The magic dart hits you!
* * * LOW HITPOINT WARNING * * *
You bludgeon the orc wizard!
You kill the orc wizard!
The orc hits you with a falchion.
* * * LOW HITPOINT WARNING * * *
You closely miss the orc. Your grab misses the orc. You tentacle-slap the orc.
Your grab misses the orc.
The orc is heavily wounded.
You block the orc's attack.
You tentacle-slap the orc.
You kill the orc!
All of the chunks of flesh in your inventory have rotted away.
You tentacle-slap the orc. Your grab misses the orc.
The orc is heavily wounded.
The orc hits you with a falchion.
You die...

.........# #.# #.##+##.###
#.# ..#...#...# #.# #
+...'.#.# #.#
#...#...########.######
#.##+##.#........).......#
......†..#....>...<#####.#
#.#.#.#(##.#####........
...#.# .# #@####### ###
#.# .# #o# #.# .# #.# #.#
.# #.# #.# .# #.# #.# #.#
#.# #.# #.# #.# #.#


You could see an orc.

Vanquished Creatures
  An orc wizard (D:2)
  An adder (D:2)
  A worm (D:2)
  4 dart slugs
  A leopard gecko (D:1)
  3 orcs (D:2)
  A ball python (D:2)
  2 giant cockroaches
  5 goblins
  3 hobgoblins
  2 jackals (D:2)
  2 kobolds (D:2)
  5 bats
  4 frilled lizards
  4 rats
39 creatures vanquished.

Notes
Turn   | Place    | Note
-------+----------+-------------------------------------------
     0 | D:1      | inc the Octopode Fighter began the quest for the Orb.
     0 | D:1      | Reached XP level 1. HP: 16/16 MP: 1/1
   224 | D:1      | Reached XP level 2. HP: 20/21 MP: 2/2
   267 | D:1      | Reached skill level 3 in Unarmed Combat
   704 | D:1      | Reached XP level 3. HP: 26/26 MP: 3/3
   983 | D:2      | Found an ornate altar of the Wu Jian Council.
  1355 | D:2      | Reached skill level 4 in Unarmed Combat
  1602 | D:2      | Reached XP level 4. HP: 31/31 MP: 4/4
  1631 | D:2      | Slain by an orc

Skill      XL: |  1  2  3 |
---------------+----------+-----
Unarmed Combat | 3 4 |  4.7
Fighting       | |  3.0
Dodging        | |  3.0
Shields        | |  3.0

Action                   |  1- 3 |  4- 6 || total
-------------------------+-------+-------++-------
Melee: Unarmed           |    70 |    19 ||    89
       Tentacles         |    15 |     3 ||    18
       Constrict         |    23 |     4 ||    27
       Punch             |     1 |       ||     1
 Stab: Sleeping          |     5 |       ||     5
  Eat: Chunk             |     2 |       ||     2
Armor: Skin              |     6 |     1 ||     7
Dodge: Dodged            |    39 |     6 ||    45
Block: Shield            |    24 |     7 ||    31
